AoeStats
← DIALEX_20

Arabia

509146997Analyzed
1v1 RM · 6d ago on Sep 25, 2026· 26m 44s· 2 players
Game mode
Random Map
Map size
Tiny (2 player)
Population
200
Speed
Normal
Resources
Standard
Victory
Conquest
Starting age
Dark Age
Ending age
Imperial Age
RankedLock teamsTeams togetherTeam positionsShared explorationLock speedFull tech treeHidden civsTurbo modeCheats
Victory
Defeat
🇵🇪 Franks · Peru
730
+15
🇹🇷 Khmer · Türkiye
698
-15
yurigagarin
0:26 Loom
10:50 Feudal Age
16:48 Castle Age
20:03 Double-Bit Axe
20:00 Horse Collar
DIALEX_20
4:02 Loom
7:36 Loom
9:44 Feudal Age
23:21 Castle Age
21:10 Double-Bit Axe
21:29 Gold Mining
21:44 Stone Mining
24:21 Pikeman
25:02 Squires
24:26 Elite Skirmisher
25:49 Padded Archer Armor
26:03 Fletching
Connection lost

Rejoining the realm…

Still unreachable

The connection could not be restored.

Session expired

The server has moved on; the page needs a fresh start.